 Dungeon Sprint DCSS version 0.17-a0-1793-gcbb3aa1 (webtiles) character file.

17747 pipel the Stickfighter (level 12, 0/88 HPs)
             Began as a Gargoyle Gladiator on Sept 9, 2015.
             Was a High Priest of Okawaru.
             Killed from afar by a rakshasa (18 damage)
             ... with an orb of energy
             ... in the Dungeon (Sprint IX: "|||||||||||||||||||||||||||||").
             The game lasted 00:15:48 (2253 turns).

pipel the Stickfighter (Gargoyle Gladiator)         Turns: 2253, Time: 00:15:48

Health: 0/88       AC: 32    Str: 26    XL:     12   Next: 51%
Magic:  16/16      EV: 18    Int: 10    God:    Okawaru [*****.]
Gold:   969        SH:  0    Dex: 10    Spells: 0 memorised, 11 levels left

rFire  + + .     SeeInvis .     a - +0 lajatang
rCold  . . .     Clarity  .     O - +0 pearl dragon armour
rNeg   + + .     SustAt   .     (no shield)
rPois  ∞         Gourm    .     E - +0 hat "Unaewuf" {rF++ Stlth+}
rElec  +         Spirit   .     s - +1 cloak
rCorr  +         Warding  .     r - +0 pair of gloves
rMut   .         NoTele   +     D - +0 pair of boots of Misanthropy {+Blink rCorr}
MR     .....                    (no amulet)
Stlth  ++........               v - +3 ring of strength
                                u - +2 ring of evasion

@: heroism, not resistant to hostile enchantments, unstealthy
A: negative energy resistance 1, electricity resistance, unbreathing,
petrification resistance, rot immunity, AC +8
a: Heroism, Finesse, Renounce Religion, Evoke Blink


You were in the Dungeon.
You worshipped Okawaru.
Okawaru was extremely pleased with you.
You were not hungry.

You visited 1 branch You collected 1904 gold pieces.
You spent 935 gold pieces at shops.

Inventory:

Hand weapons
 a - a +0 lajatang (weapon)
 b - a +0 quarterstaff
 F - the +7 longbow "Piercer" {penet, EV-2}
   (You bought it in a shop in the Dungeon)

   Ammo fired by it will pass through the targets it hits, potentially hitting
   all targets in its path until it reaches maximum range.
   It affects your evasion (-2).
 M - the +1 glaive of Taffour {freeze, rF+++ rN+ Str-3 Dex+5}
   (You found it in the Dungeon)

   It has been specially enchanted to freeze those struck by it, causing extra
   injury to most foes and up to half again as much damage against particularly
   susceptible opponents.
   It can also slow down cold-blooded creatures.
   It affects your strength (-3).
   It affects your dexterity (+5).
   It renders you almost immune to fire.
   It protects you from negative energy.
Missiles
 d - a throwing net
 y - 4 silver javelins (quivered)
 C - 7 needles of paralysis
Armour
 c - a +0 helmet
 r - a +0 pair of gloves (worn)
 s - a +1 cloak (worn)
 t - a +0 plate armour
 D - the +0 pair of boots of Misanthropy (worn) {+Blink rCorr}
   (Okawaru gifted it to you in the Dungeon)

   It lets you blink.
   It protects you from acid and corrosion.
 E - the +0 hat "Unaewuf" (worn) {rF++ Stlth+}
   (Okawaru gifted it to you in the Dungeon)

   It greatly protects you from fire.
   It makes you more stealthy.
 N - a +0 plate armour of fire resistance
 O - a +0 pearl dragon armour (worn)
Magical staves
 p - an uncursed staff of energy
Jewellery
 u - a +2 ring of evasion (left hand)
 v - a +3 ring of strength (right hand)
 I - an uncursed ring of fire
 J - an uncursed ring of protection from cold
 K - an uncursed ring of protection from cold
 L - an uncursed ring of see invisible
Magical devices
 o - a wand of cold (0)
Scrolls
 k - 6 scrolls of blinking
 m - 5 scrolls of remove curse
 n - 2 scrolls of amnesia
 w - 2 scrolls of identify
 x - 8 scrolls of enchant armour
 z - a scroll of enchant weapon
Potions
 f - 7 potions of curing
 g - 2 potions of heal wounds
 h - a potion of haste
 i - 5 potions of magic
 j - a potion of invisibility
 l - 3 potions of berserk rage
 q - a potion of might
 P - 2 potions of cure mutation
 Q - a potion of agility
Miscellaneous
 G - a lamp of fire
 H - a plain deck of summoning
Comestibles
 e - 12 bread rations
 A - 40 fruits
 B - 12 meat rations


   Skills:
 + Level 16.1(21.1) Fighting
 + Level 19.2(24.2) Staves
 - Level 5.0(10.0) Throwing
 + Level 12.0(17.0) Armour
 + Level 10.9(15.9) Dodging
 - Level 0.8(5.8) Stealth
 + Level 6.1 Invocations
 * Level 5.3 Evocations


You had 11 spell levels left.
You didn't know any spells.

Dungeon Overview and Level Annotations

Branches:
Dungeon (1/1)

Altars:
Cheibriados
Dithmenos
Elyvilon
Fedhas
Gozag
Kikubaaqudgha
Makhleb
Nemelex Xobeh
Okawaru
Qazlal
Ru
Sif Muna
Trog
Vehumet
Xom
Yredelemnul
Zin
The Shining One
Beogh
Jiyva
Lugonu

Shops:
D }([(


Innate Abilities, Weirdness & Mutations

You are resistant to torment.
Your stone body is resilient (AC +8).
You are immune to poison.
You resist negative energy.
You are resistant to electric shocks.
You can survive without breathing.
You are immune to petrification.
You are immune to rotting.


Message History

Okawaru accepts your kill.
The crimson imp hits you but does no damage.
The adder skeleton misses you.
You hit the adder skeleton. The crimson imp completely misses you.
The adder skeleton barely misses you.
You fracture the adder skeleton into splinters!!!
You destroy the adder skeleton!
The crimson imp hits you but does no damage.
You slash the adder skeleton! You slice the adder skeleton!!
You destroy the adder skeleton!
The crimson imp closely misses you.
You slash the crimson imp!
You kill the crimson imp!
Okawaru accepts your kill.
You closely miss the rakshasa.
The rakshasa is moderately wounded.
The rakshasa gestures at you. The orb of energy hits you!
You die...

▓.▓.▓'▓.▓.▓.▓
▓.▓.▓.▓.▓.▓.▓.▓
▓.▓.▓)▓.▓∩▓.▓.▓
▓.▓.▓.▓.▓.▓.▓.▓
▓)▓.▓(▓.▓∩▓.▓.▓
▓)▓.▓.▓.▓)▓.▓.▓
▓[▓.▓.▓.▓∩▓.▓.▓
▓.▓.▓.▓.▓)▓.▓.▓
▓.▓.▓.▓.▓∩▓.▓@▓
▓.▓.▓†▓.▓.▓.▓R▓
▓.▓.▓.▓.▓.▓.▓)▓
▓)▓.▓†▓.▓.▓.▓)▓
▓.▓.▓†▓.▓.▓.▓(▓
▓.▓.▓†▓.▓)▓.▓.▓
▓.▓.▓.▓.▓)▓.▓.▓
▓'▓.▓.▓.▓.▓.▓.▓
▓_▓.▓.▓.▓.▓.▓.▓


You could see a rakshasa.

Vanquished Creatures
  A great orb of eyes (D)
  A hydra (D)
  A centaur warrior (D)
  6 orc high priests (D)
  3 hill giants (D)
  A wizard (D)
  10 orc knights (D)
  2 black mambas (D)
  A guardian serpent (shapeshifter) (D)
  3 komodo dragons (D)
  A spiny frog (D)
  4 polar bears (D)
  A troll (D)
  A blink frog (D)
  A yak (D)
  A hippogriff (D)
  A wasp (D)
  2 porcupines (D)
  An ogre (D)
  4 black bears (D)
  A necrophage (D)
  A water moccasin (D)
  An ice beast (D)
  8 orc warriors (D)
  A centaur (D)
  3 crocodiles (D)
  3 giant frogs (D)
  A scorpion (D)
  A crimson imp (D)
  3 orc wizards (D)
  A hound (D)
  4 orc priests (D)
  A worker ant (D)
  A sheep (D)
  2 shadow imps (D)
  An adder skeleton (D)
  2 adder zombies (D)
  9 orcs (D)
  A bat (D)
  2 giant cockroaches (D)
  A quokka (D)
  A giant newt (D)
  A rat (D)
96 creatures vanquished.

Notes
Turn   | Place    | Note
--------------------------------------------------------------
     0 | D        | pipel the Gargoyle Gladiator began the quest for the Orb.
     0 | D        | Reached XP level 1. HP: 12/12 MP: 1/1
    47 | D        | Noticed a worker ant
    47 | D        | Noticed an orc wizard
    47 | D        | Noticed a scorpion
    53 | D        | Killed a scorpion
    53 | D        | Reached skill level 5 in Staves
    53 | D        | Reached XP level 2. HP: 20/20 MP: 2/2
    53 | D        | Reached XP level 3. HP: 24/24 MP: 3/3
    53 | D        | Reached XP level 4. HP: 28/29 MP: 4/4
    55 | D        | Killed a worker ant
    55 | D        | Reached skill level 6 in Staves
    60 | D        | Killed an orc wizard
    60 | D        | Reached skill level 5 in Dodging
    60 | D        | Reached XP level 5. HP: 26/34 MP: 5/5
    70 | D        | Found a glowing silver altar of Zin.
    70 | D        | Found a glowing golden altar of the Shining One.
    70 | D        | Found an ancient bone altar of Kikubaaqudgha.
    70 | D        | Found a basalt altar of Yredelemnul.
    70 | D        | Found a shimmering altar of Xom.
    70 | D        | Found a radiant altar of Vehumet.
    71 | D        | Found an iron altar of Okawaru.
    72 | D        | Found a burning altar of Makhleb.
    73 | D        | Found a deep blue altar of Sif Muna.
    74 | D        | Found a bloodstained altar of Trog.
    75 | D        | Found a sparkling altar of Nemelex Xobeh.
    76 | D        | Found a white marble altar of Elyvilon.
    77 | D        | Found a roughly hewn altar of Beogh.
    78 | D        | Found a viscous altar of Jiyva.
    79 | D        | Became a worshipper of Warmaster Okawaru
    80 | D        | Found a corrupted altar of Lugonu.
    81 | D        | Found a blossoming altar of Fedhas.
    82 | D        | Found a snail-covered altar of Cheibriados.
    83 | D        | Found a shadowy altar of Dithmenos.
    84 | D        | Found a stormy altar of Qazlal.
    85 | D        | Found an opulent altar of Gozag.
    86 | D        | Found a sacrificial altar of Ru.
   200 | D        | Noticed a troll
   200 | D        | Noticed an ogre
   200 | D        | Noticed a hill giant
   200 | D        | Noticed a hound
   200 | D        | Noticed a necrophage
   200 | D        | Noticed a giant frog
   205 | D        | Killed a giant frog
   205 | D        | Reached skill level 5 in Fighting
   205 | D        | Reached skill level 7 in Staves
   205 | D        | Reached skill level 1 in Armour
   206 | D        | Killed a hound
   206 | D        | Reached skill level 8 in Staves
   208 | D        | Killed a necrophage
   208 | D        | Acquired Okawaru's first power
   208 | D        | Reached skill level 9 in Staves
   208 | D        | Reached XP level 6. HP: 33/41 MP: 6/6
   208 | D        | Killed a hill giant
   208 | D        | Reached skill level 11 in Staves
   208 | D        | Reached skill level 1 in Evocations
   208 | D        | Reached XP level 7. HP: 36/48 MP: 7/7
   211 | D        | Killed an ogre
   211 | D        | Reached XP level 8. HP: 41/54 MP: 5/8
   223 | D        | Killed a troll
   223 | D        | Reached skill level 5 in Throwing
   328 | D        | Noticed a centaur
   328 | D        | Noticed a wasp
   328 | D        | Noticed an ice beast
   328 | D        | Noticed a seven-headed hydra
   328 | D        | Noticed a hill giant
   336 | D        | Killed a hill giant
   336 | D        | Reached skill level 12 in Staves
   342 | D        | Killed a wasp
   344 | D        | Killed a seven-headed hydra
   344 | D        | Reached skill level 13 in Staves
   344 | D        | Reached skill level 5 in Armour
   344 | D        | Reached skill level 1 in Invocations
   344 | D        | Reached XP level 9. HP: 25/62 MP: 7/10
   350 | D        | Killed an ice beast
   350 | D        | Reached skill level 10 in Fighting
   357 | D        | Killed a centaur
   531 | D        | Noticed a crocodile
   531 | D        | Noticed a porcupine
   531 | D        | Noticed a black mamba
   531 | D        | Noticed a blink frog
   531 | D        | Noticed a crocodile
   531 | D        | Noticed a hippogriff
   534 | D        | Killed a hippogriff
   535 | D        | Noticed a yak
   537 | D        | Noticed a black mamba
   544 | D        | Killed a blink frog
   553 | D        | Killed a crocodile
   553 | D        | Reached skill level 10 in Dodging
   561 | D        | Killed a black mamba
   562 | D        | Killed a porcupine
   565 | D        | Killed a crocodile
   565 | D        | Reached XP level 10. HP: 53/69 MP: 12/12
   569 | D        | Killed a yak
   569 | D        | Reached skill level 14 in Staves
   572 | D        | Killed a black mamba
   691 | D        | Noticed a komodo dragon
   691 | D        | Noticed a komodo dragon
   691 | D        | Noticed a water moccasin
   691 | D        | Noticed a giant frog
   691 | D        | Noticed a porcupine
   691 | D        | Noticed a komodo dragon
   699 | D        | Noticed a giant frog
   699 | D        | Killed a komodo dragon
   701 | D        | Killed a porcupine
   703 | D        | Noticed a crocodile
   705 | D        | Killed a giant frog
   706 | D        | Noticed a spiny frog
   707 | D        | Killed a water moccasin
   712 | D        | Killed a komodo dragon
   717 | D        | Killed a komodo dragon
   721 | D        | Killed a giant frog
   723 | D        | Killed a crocodile
   729 | D        | Killed a spiny frog
   729 | D        | Acquired Okawaru's second power
   729 | D        | Received a gift from Okawaru
   836 | D        | Noticed a polar bear
   836 | D        | Noticed a black bear
   836 | D        | Noticed a black bear
   836 | D        | Noticed a polar bear
   836 | D        | Noticed a polar bear
   836 | D        | Noticed a black bear
   837 | D        | Killed a black bear
   838 | D        | Noticed a polar bear
   843 | D        | Noticed a black bear
   843 | D        | Killed a polar bear
   843 | D        | Reached skill level 15 in Staves
   847 | D        | Killed a polar bear
   848 | D        | Killed a black bear
   855 | D        | Killed a polar bear
   863 | D        | Killed a polar bear
   866 | D        | Killed a black bear
   877 | D        | Killed a black bear
   985 | D        | Noticed an orc priest
   985 | D        | Noticed an orc priest
   985 | D        | Noticed an orc priest
   985 | D        | Noticed an orc priest
   985 | D        | Noticed an orc warrior
  1002 | D        | Killed an orc warrior
  1008 | D        | Killed an orc priest
  1008 | D        | Reached XP level 11. HP: 20/77 MP: 11/14
  1009 | D        | Killed an orc priest
  1012 | D        | Killed an orc priest
  1014 | D        | Killed an orc priest
  1049 | D        | Noticed an orc wizard
  1055 | D        | Killed an orc wizard
  1069 | D        | Noticed an orc wizard
  1078 | D        | Killed an orc wizard
  1330 | D        | Noticed an orc warrior
  1330 | D        | Noticed an orc warrior
  1330 | D        | Noticed an orc warrior
  1330 | D        | Noticed an orc warrior
  1331 | D        | Noticed an orc warrior
  1334 | D        | Noticed an orc knight
  1336 | D        | Killed an orc warrior
  1336 | D        | Reached skill level 10 in Armour
  1340 | D        | Killed an orc warrior
  1340 | D        | Received a gift from Okawaru
  1342 | D        | Noticed an orc warrior
  1344 | D        | Noticed an orc knight
  1346 | D        | Killed an orc warrior
  1352 | D        | Noticed an orc warrior
  1353 | D        | Killed an orc warrior
  1363 | D        | Killed an orc knight
  1363 | D        | Reached skill level 16 in Staves
  1374 | D        | Killed an orc knight
  1376 | D        | Killed an orc warrior
  1380 | D        | Killed an orc warrior
  1383 | D        | Killed an orc warrior
  1394 | D        | Noticed an orc knight
  1410 | D        | Killed an orc knight
  1410 | D        | Received a gift from Okawaru
  1411 | D        | Got a pair of brightly glowing boots {god gift}
  1417 | D        | Identified the +0 pair of boots of Misanthropy {+Blink rCorr} (Okawaru gifted it to you in the Dungeon)
  1606 | D        | Found Beazeod's Weapon Boutique.
  1606 | D        | Noticed an orc knight
  1606 | D        | Noticed an orc knight
  1606 | D        | Noticed an orc high priest
  1606 | D        | Noticed an orc high priest
  1606 | D        | Noticed an orc knight
  1608 | D        | Noticed an orc knight
  1618 | D        | Killed an orc knight
  1621 | D        | Noticed a soul eater
  1623 | D        | Noticed an orc knight
  1626 | D        | Killed an orc high priest
  1643 | D        | Killed a soul eater
  1650 | D        | Killed an orc high priest
  1650 | D        | Reached skill level 17 in Staves
  1658 | D        | Killed an orc knight
  1667 | D        | Killed an orc knight
  1667 | D        | Reached skill level 5 in Invocations
  1673 | D        | Killed an orc knight
  1683 | D        | Killed an orc knight
  1776 | D        | Found Fyosew's Armour Shop.
  1780 | D        | Found Wecufruh's Antique Weapon Boutique.
  1782 | D        | Noticed an orc high priest
  1785 | D        | Noticed an orc high priest
  1787 | D        | Noticed an orc high priest
  1788 | D        | Found Joah's Gadget Shop.
  1788 | D        | Noticed an orc knight
  1789 | D        | Noticed a soul eater
  1794 | D        | Noticed an orc high priest
  1794 | D        | Killed an orc high priest
  1807 | D        | Killed a soul eater
  1817 | D        | Killed an orc high priest
  1817 | D        | Reached skill level 15 in Fighting
  1817 | D        | Reached skill level 18 in Staves
  1817 | D        | Reached XP level 12. HP: 27/87 MP: 14/16
  1830 | D        | Noticed a soul eater
  1844 | D        | Killed an orc high priest
  1851 | D        | Killed an orc knight
  1851 | D        | Received a gift from Okawaru
  1864 | D        | Killed an orc high priest
  1865 | D        | Noticed an orc knight
  1936 | D        | Killed an orc knight
  1991 | D        | Got a shimmering hat {god gift}
  2014 | D        | Identified the +0 hat "Unaewuf" {rF++ Stlth+} (Okawaru gifted it to you in the Dungeon)
  2025 | D        | Bought the +7 longbow "Piercer" {penet, EV-2} for 395 gold pieces
  2031 | D        | Bought a lamp of fire for 400 gold pieces
  2031 | D        | Bought a plain deck of summoning for 140 gold pieces
  2138 | D        | Got the +1 glaive of Taffour {freeze, rF+++ rN+ Str-3 Dex+5}
  2196 | D        | Noticed a crimson imp
  2196 | D        | Noticed a hill giant
  2196 | D        | Noticed a wizard
  2197 | D        | Noticed a centaur warrior
  2201 | D        | Noticed a guardian serpent
  2205 | D        | Killed a wizard
  2210 | D        | Noticed a rakshasa
  2216 | D        | Killed a hill giant
  2217 | D        | Noticed a great orb of eyes
  2221 | D        | Killed a centaur warrior
  2221 | D        | Reached skill level 19 in Staves
  2223 | D        | Killed a guardian serpent
  2230 | D        | Paralysed by a great orb of eyes for 2 turns
  2234 | D        | Killed a great orb of eyes
  2234 | D        | Reached skill level 5 in Evocations
  2252 | D        | Killed a crimson imp
  2253 | D        | Killed from afar by a rakshasa

Vault maps used:
D:        linesprint

Action                   |  1- 3 |  4- 6 |  7- 9 | 10-12 || total
-------------------------+-------+-------+-------+-------++-------
Melee: Quarterstaff      |    18 |    11 |    36 |       ||    65
       Lajatang          |       |       |    33 |   364 ||   397
Throw: Javelin           |       |       |       |    14 ||    14
       Throwing net      |       |       |       |     4 ||     4
Invok: Heroism           |       |       |     3 |     8 ||    11
Evoke: Wand              |       |     3 |     4 |       ||     7
  Use: Potion            |     1 |       |     2 |     1 ||     4
 Stab: Held in net/web   |       |       |       |     4 ||     4
  Eat: Chunk             |       |       |       |     5 ||     5
       Bread ration      |       |       |       |     1 ||     1
